 Dungeon Crawl Stone Soup version 0.25-a0-294-gea9b1ad378 (webtiles) character file.

Game seed: 4211901027771621088, levelgen mode: deterministic

3296 cossakc the Cleaver (level 9, -10/86 HPs)
             Began as a Deep Dwarf Fighter on Dec 17, 2019.
             Was a Priest of Makhleb.
             Mangled by a two-headed ogre
             ... wielding a +0 giant club
              (22 damage)
             ... on level 8 of the Dungeon.
             The game lasted 00:31:35 (8093 turns).

cossakc the Cleaver (Deep Dwarf Fighter)            Turns: 8093, Time: 00:31:35

Health: -10/86     AC: 16    Str: 22    XL:     9   Next: 70%
Magic:  7/7        EV:  4    Int: 10    God:    Makhleb [***...]
Gold:   296        SH:  9    Dex: 12    Spells: 8/8 levels left

rFire    . . .     SeeInvis .   a - +1 war axe
rCold    . . .     Gourm    .   c - +0 shield
rNeg     . . .     Faith    .   T - +0 plate armour
rPois    .         Spirit   .   e - +0 helmet
rElec    .         Reflect  .   (no cloak)
rCorr    +         Harm     .   x - +0 pair of gloves
MR       +....                  L - +0 pair of boots
Stlth    ..........             (no amulet)
HPRegen  0.00/turn              j - ring of stealth
MPRegen  0.10/turn              q - ring of resist corrosion

@: non-regenerating
A: damage resistance, heal wounds, sense surroundings 2, no regeneration
a: Heal Wounds, Minor Destruction, Lesser Servant of Makhleb, Renounce Religion


You were on level 8 of the Dungeon.
You worshipped Makhleb.
Makhleb was most pleased with you.
You were not hungry.

You visited 2 branches of the dungeon, and saw 9 of its levels.
You also visited: Sewer.

You collected 296 gold pieces.

Inventory:

Hand Weapons
 a - a +1 war axe (weapon)
 r - a +0 hunting sling
 w - a +0 morningstar
Missiles
 l - 5 javelins (quivered)
 m - 160 stones
 y - 27 sling bullets
 H - 28 poisoned darts
 I - a throwing net
 N - 3 boomerangs
 R - 8 bolts
Armour
 c - a +0 shield (worn)
 e - a +0 helmet (worn)
 x - a +0 pair of gloves (worn)
 L - a +0 pair of boots (worn)
 T - a +0 plate armour (worn)
Jewellery
 j - a ring of stealth (left hand)
 o - an uncursed ring of wizardry
 q - a ring of resist corrosion (right hand)
 s - an uncursed amulet of rage {unknown}
 u - an uncursed ring of see invisible {unknown}
 v - a cursed -2 ring of evasion {unknown}
 C - a cursed ring of teleportation {unknown}
 F - an uncursed ring of positive energy {unknown}
Wands
 A - a wand of flame (34)
 E - a wand of acid (10)
Scrolls
 d - 2 scrolls of fear
 g - 7 scrolls of teleportation
 B - 2 scrolls of magic mapping
 K - 4 scrolls of blinking
 M - 2 scrolls of amnesia
 O - 2 scrolls of enchant weapon
Potions
 h - 5 potions of flight
 k - 2 potions of lignification {unknown}
 n - 2 potions of curing {unknown}
 p - 2 potions of brilliance {unknown}
 t - a potion of mutation {unknown}
 z - 2 potions of degeneration {unknown}
 D - a potion of experience {unknown}
 G - 4 potions of heal wounds {unknown}
 J - 4 potions of magic {unknown}
 Q - a potion of agility {unknown}
 S - a potion of haste {unknown}
Comestibles
 b - 7 chunks of flesh
 f - 10 rations


   Skills:
 + Level 7.0 Fighting
 * Level 12.2 Axes
 - Level 5.1 Armour
 - Level 3.4 Shields


You had 8 spell levels left.
You didn't know any spells.
Your spell library was empty.

Dungeon Overview and Level Annotations

Branches:
Dungeon (8/15)             Temple (1/1) D:4           Sewer (visited)
   Lair: D:8-11

Altars:
Ashenzari
Dithmenos
Elyvilon
Fedhas
Gozag
Hepliaklqana
Makhleb
Nemelex Xobeh
Okawaru
Qazlal
Ru
Sif Muna
Trog
Uskayaw
Vehumet
Wu Jian
Xom
Yredelemnul
Zin
The Shining One

Shops:
D:8 }


Innate Abilities, Weirdness & Mutations

You are resistant to damage.
You can heal yourself by infusing magical energy.
You passively map the area around you.
You do not regenerate.


Message History

You slash the two-headed ogre!
The two-headed ogre is severely wounded.
The two-headed ogre hits you with a +0 giant club!
* * * LOW HITPOINT WARNING * * *
The two-headed ogre hits you with a +0 giant spiked club!
* * * LOW HITPOINT WARNING * * *
You slash the two-headed ogre!
The two-headed ogre is almost dead.
Your shield and plate armour prevent you from hitting the two-headed ogre.
The two-headed ogre is almost dead.
You block the two-headed ogre's attack.
The two-headed ogre hits you with a +0 giant spiked club.
You feel much better.
The two-headed ogre hits you but does no damage.
The two-headed ogre hits you with a +0 giant spiked club!
* * * LOW HITPOINT WARNING * * *
You closely miss the two-headed ogre.
The two-headed ogre is almost dead.
The two-headed ogre hits you with a +0 giant club!!
You die...

##############
#............#
#####.######.# #.#.#
#.# #...######.#
#(.....O@#.# **
#.#(####<#.# * ,,
#.#.######.### * *
#.#.....O....# *
#.########.#.# #.###
####.#.# ,
#...###....#.#### #
#.#..##.##......###.#
,
#...................#


You could see a two-headed ogre.

Vanquished Creatures
  Psyche (D:8)
  Sigmund (D:6)
  Duvessa (D:5)
  An orc warrior (D:7)
  2 ice beasts (D:7)
  2 phantoms (D:7)
  3 sky beasts
  5 ogres
  Blork the orc (D:5)
  6 bullfrogs
  3 scorpions
  Dowan (D:5)
  A howler monkey (D:4)
  A bullfrog zombie (D:5)
  A jelly (D:7)
  A hound (D:7)
  Crazy Yiuf (D:4)
  A gnoll shaman (D:7)
  2 orc priests
  A centaur skeleton (D:7)
  3 orc wizards
  Jessica (D:3)
  An iguana (D:7)
  4 worker ants
  2 hound skeletons
  6 gnolls
  20 adders
  4 river rats (Sewer)
  A shadow imp (D:5)
  6 oozes
  4 worms
  A dart slug (D:1)
  4 leopard geckos
  17 orcs
  8 giant cockroaches
  11 goblins
  8 hobgoblins
  9 jackals
  7 kobolds
  4 quokkas
  10 ball pythons
  7 bats
  9 frilled lizards
  2 jackal zombies
  A quokka skeleton (D:4)
  35 rats
221 creatures vanquished.

Notes
Turn   | Place    | Note
-------+----------+-------------------------------------------
     0 | D:1      | cossakc the Deep Dwarf Fighter began the quest for the Orb.
     0 | D:1      | Reached XP level 1. HP: 20/20 MP: 1/1
   208 | D:1      | Reached XP level 2. HP: 27/27 MP: 2/2
   968 | D:1      | Reached XP level 3. HP: 30/34 MP: 3/3
  1146 | D:2      | Reached skill level 3 in Axes
  1615 | D:2      | Reached XP level 4. HP: 34/42 MP: 4/4
  1720 | D:2      | Reached skill level 4 in Axes
  2373 | D:3      | Noticed Jessica
  2550 | D:3      | Reached XP level 5. HP: 47/49 MP: 5/5
  3195 | D:3      | Reached skill level 5 in Axes
  3261 | D:3      | Killed Jessica
  3269 | D:3      | Found a blossoming altar of Fedhas.
  3531 | D:4      | Noticed an ogre
  3563 | D:4      | Killed an ogre
  3563 | D:4      | Reached XP level 6. HP: 20/56 MP: 6/6
  3655 | D:4      | Reached skill level 6 in Axes
  3695 | D:4      | Found a runed translucent door.
  3696 | D:4      | Noticed Crazy Yiuf
  3749 | D:4      | Found a staircase to the Ecumenical Temple.
  3809 | D:4      | Found a shadowy altar of Dithmenos.
  3809 | D:4      | Found a faded altar of an unknown god.
  3819 | D:4      | Found a faded altar of an unknown god.
  3823 | D:4      | Found a hide-covered altar of Uskayaw.
  3825 | D:4      | Found a sparkling altar of Nemelex Xobeh.
  3880 | Temple   | Entered the Ecumenical Temple
  3962 | Temple   | Became a worshipper of Makhleb the Destroyer
  4333 | D:4      | Killed Crazy Yiuf
  4370 | D:5      | Entered Level 5 of the Dungeon
  4532 | D:5      | Noticed Duvessa
  4533 | D:5      | Noticed Dowan
  4545 | D:5      | Killed Dowan
  4545 | D:5      | Reached skill level 7 in Axes
  4545 | D:5      | Reached XP level 7. HP: 53/62 MP: 6/6
  4548 | D:5      | Killed Duvessa
  4548 | D:5      | Reached skill level 5 in Armour
  4808 | D:5      | Found a glowing drain.
  4832 | Sewer    | Entered a sewer
  4920 | Sewer    | Reached * piety under Makhleb
  5020 | Sewer    | Reached skill level 8 in Axes
  5117 | Sewer    | Reached ** piety under Makhleb
  5241 | D:5      | Reached XP level 8. HP: 66/73 MP: 7/7
  5414 | D:5      | Noticed Blork the orc
  5427 | D:5      | Killed Blork the orc
  5427 | D:5      | Reached skill level 9 in Axes
  6292 | D:6      | Reached skill level 5 in Fighting
  6421 | D:6      | Noticed Sigmund
  6460 | D:6      | Killed Sigmund
  6460 | D:6      | Reached skill level 10 in Axes
  7014 | D:7      | Gained mutation: You passively map the area around you.
                  | [Deep Dwarf growth]
  7014 | D:7      | Reached XP level 9. HP: 65/82 MP: 8/8
  7184 | D:7      | Reached skill level 11 in Axes
  7240 | D:7      | Found a glowing golden altar of the Shining One.
  7367 | D:7      | Found a stormy altar of Qazlal.
  7730 | D:8      | Found Ponwos's Gadget Shoppe.
  7943 | D:8      | Reached *** piety under Makhleb
  7987 | D:8      | Noticed Psyche
  8025 | D:8      | Killed Psyche
  8025 | D:8      | Reached skill level 12 in Axes
  8053 | D:8      | Noticed a two-headed ogre
  8093 | D:8      | Mangled by a two-headed ogre

Levels and vault maps discovered:
D:1:      wander_arrival_lonely_grave, layout_basic
D:2:      minmay_alternating_diamond, layout_basic, serial_forest,
          infiniplex_forest_lined_room_3, infiniplex_forest_clump_large,
          infiniplex_forest_end_2, infiniplex_forest_end_double,
          infiniplex_forest_zigzag_1, infiniplex_forest_corner_1,
          infiniplex_forest_clump_small, infiniplex_forest_diagonal,
          infiniplex_forest_corner_2, first_ration
D:3:      layout_loops_cross, fedhas_altar_3, uniq_jessica
D:4:      layout_basic, chequers_temple_overflow_minitemple, temple_pool_b,
          uniq_crazy_yiuf_cottage
D:5:      layout_basic, gup_sewer_entry_glass, uniq_duvessa, uniq_blork_the_orc
D:6:      layout_rooms, uniq_sigmund
D:7:      layout_loops_cross, nicolae_overflow_crystal_walls,
          nicolae_tso_swordbearing_angel
D:8:      layout_basic, serial_shops, shop, hangedman_little_slice_of_home,
          minmay_door_square, uniq_psyche, uniq_pikel
Temple:   nicolae_temple_great_sept

Skill      XL: |  1  2  3  4  5  6  7  8  9 |
---------------+----------------------------+-----
Fighting       | 3 4 5 7 |  7.0
Axes           | 3 4 5 7 8 10 12 | 12.2
Armour         | 4 5 |  5.1
Shields        | |  3.4

Action                   |  1- 3 |  4- 6 |  7- 9 || total
-------------------------+-------+-------+-------++-------
Melee: War axe           |   102 |   216 |   384 ||   702
 Fire: Hunting sling     |       |    62 |    29 ||    91
Throw: Javelin           |    16 |    17 |    18 ||    51
 Abil: Heal Wounds       |       |     4 |     7 ||    11
  Use: Scroll            |       |       |    16 ||    16
       Potion            |       |       |     1 ||     1
 Stab: Distracted        |       |       |     1 ||     1
  Eat: Chunk             |     2 |    10 |    12 ||    24
Armor: Scale mail        |    38 |   101 |   125 ||   264
       Plate armour      |       |       |    38 ||    38
Dodge: Dodged            |    26 |    65 |    89 ||   180
Block: Shield            |    49 |   116 |   179 ||   344

Table legend:
 A = Non-vault XP
 B = Vault XP
 C = Vault XP percentage of total XP
 D = Non-vault monster count
 E = Vault monster count
 F = Vault count percentage of total count
                 A         B        C        D         E       F
            +---------+---------+-------+---------+---------+-------
      Total |    3343 |    1366 |  29.0 |     156 |      65 |  29.4
            +---------+---------+-------+---------+---------+-------
        D:1 |      41 |       0 |   0.0 |      23 |       0 |   0.0
        D:2 |     129 |       8 |   5.8 |      31 |       5 |  13.9
        D:3 |      96 |      37 |  27.8 |      28 |       1 |   3.4
        D:4 |     345 |      41 |  10.6 |      10 |       1 |   9.1
        D:5 |     400 |     334 |  45.5 |      17 |       8 |  32.0
        D:6 |     502 |     212 |  29.7 |      12 |       1 |   7.7
        D:7 |    1660 |       0 |   0.0 |      30 |       0 |   0.0
        D:8 |     170 |     367 |  68.3 |       5 |       1 |  16.7
      Sewer |       0 |     367 | 100.0 |       0 |      48 | 100.0
            +---------+---------+-------+---------+---------+-------
